AoeStats
← [KMNB] Bandeira

Lombardia

509164288Analyzed
2v2 RM · 6d ago on Sep 25, 2026· 36m 8s· 4 players
Game mode
Random Map
Map size
Medium (4 player)
Population
200
Speed
Normal
Resources
Standard
Victory
Conquest
Starting age
Dark Age
Ending age
Imperial Age
RankedLock teamsTeams togetherTeam positionsShared explorationLock speedFull tech treeHidden civsTurbo modeCheats
Victory
Defeat
🇧🇷 Magyars · Brazil
1520
+14
🇧🇷 Italians · Brazil
1477
+16
🇳🇱 Celts · Netherlands
1476
-15
🇳🇱 Danes · Netherlands
1476
-15
Vight's Disciple
4:03 Loom
10:13 Feudal Age
11:22 Double-Bit Axe
11:20 Horse Collar
14:24 Gold Mining
14:27 Stone Mining
18:17 Fletching
18:34 Fletching
22:43 Castle Age
21:28 Padded Archer Armor
22:33 Bloodlines
23:38 Bow Saw
23:54 Husbandry
23:52 Bodkin Arrow
28:54 Ballistics
36:46 Thumb Ring
le Nard
5:46 Loom
9:07 Feudal Age
9:07 Man-at-Arms
11:20 Double-Bit Axe
20:01 Castle Age
19:20 Fletching
20:38 Wheelbarrow
21:41 Gold Mining
22:18 Bow Saw
25:00 Pikeman
25:50 Bodkin Arrow
31:50 Scale Mail Armor
33:05 Hand Cart
32:55 Horse Collar
36:06 Forging
[KMNB] Bandeira
6:47 Loom
9:19 Feudal Age
10:34 Double-Bit Axe
14:17 Horse Collar
16:14 Scale Barding Armor
21:54 Castle Age
20:36 Bloodlines
21:37 Gold Mining
21:52 Stone Mining
22:08 Light Cavalry
22:54 Husbandry
25:08 Wheelbarrow
28:04 Chain Barding Armor
32:22 Heavy Plow
34:37 Hand Cart
[KMNB] Dedão
4:52 Loom
9:15 Feudal Age
9:50 Double-Bit Axe
15:53 Wheelbarrow
15:29 Horse Collar
16:37 Fletching
23:26 Castle Age
21:35 Gold Mining
22:01 Stone Mining
23:27 Crossbowman
24:06 Bodkin Arrow
24:27 Bow Saw
25:05 Padded Archer Armor
25:38 Ballistics
27:57 Heavy Plow
28:35 Thumb Ring
31:35 Hand Cart
35:40 Imperial Age
33:43 Town Watch
34:40 Stone Shaft Mining
35:45 Arbalester
37:42 Chemistry
Connection lost

Rejoining the realm…

Still unreachable

The connection could not be restored.

Session expired

The server has moved on; the page needs a fresh start.